 Dungeon Crawl Stone Soup version 0.30.1-9-gdf580d7c3d (webtiles) character file.

Game seed: 11813133698682049924

7597 KittyFluff the Protected (level 11, 0/102 HPs)
             Began as a Gargoyle Berserker on Oct 19, 2023.
             Was a High Priest of Trog.
             Slain by a komodo dragon (20 damage)
             ... on level 10 of the Dungeon.
             The game lasted 00:41:14 (7843 turns).

KittyFluff the Protected (Gargoyle Berserker)       Turns: 7843, Time: 00:41:14

Health: 0/102      AC: 30    Str: 25    XL:     11   Next: 17%
Magic:  11/11      EV: 12    Int:  8    God:    Trog [*****.]
Gold:   564        SH:  2    Dex:  9    Spells: 10/10 levels left

rFire   + . .        L - +0 mace (protect)
rCold   + . .        O - +0 buckler
rNeg    + + +        y - +3 ring mail of Starshine {rN++}
rPois   ∞            k - +0 helmet
rElec   +            N - scarf {rC+ rF+}
rCorr   +            i - +0 pair of gloves
SInv    +            a - +0 pair of boots
Will    .....        C - amulet of regeneration Stlth
                     P - ring of resist corrosion
HPRegen 1.17/turn    U - ring of see invisible
MPRegen 0.12/turn

%: no passive effects
@: berserking, under a protective aura, very quick
A: sickness immunity, AC +8, negative energy resistance 1, electricity
resistance, torment resistance 1, petrification resistance
a: Renounce Religion, Berserk, Trog's Hand, Brothers in Arms


You were on level 10 of the Dungeon.
You worshipped Trog.
Trog was extremely pleased with you.
You visited 1 branch of the dungeon, and saw 10 of its levels.

You collected 564 gold pieces.

Inventory:

Hand Weapons
 q - a +0 sling
 B - a +0 shortbow
 J - a +1 heavy flail
 L - a +0 mace of protection (weapon)
 W - a +5 morningstar
Missiles
 c - 8 poisoned darts (quivered)
 v - 3 boomerangs
 A - 7 javelins
 V - a curare-tipped dart
Armour
 a - a +0 pair of boots (worn)
 e - a +2 cloak
 i - a +0 pair of gloves (worn)
 k - a +0 helmet (worn)
 y - the +3 ring mail of Starshine (worn) {rN++}
   (You found it on level 5 of the Dungeon)

   rN:        It greatly protects you from negative energy.
 z - a +2 robe of willpower
 H - an orb of mayhem
 N - a scarf of resistance (worn)
 O - a +0 buckler (worn)
 S - +0 steam dragon scales
Jewellery
 C - an amulet of regeneration (around neck)
 F - the amulet "Asuraa" {Faith Rampage rC++ Str+2 Int+2}
   (You found it on level 3 of the Dungeon)

   [amulet of faith]

   It allows you to gain divine favour quickly.
   Str:       It affects your strength (+2).
   Int:       It affects your intelligence (+2).
   rC:        It greatly protects you from cold.
   Rampage:   It bestows one free step when moving towards enemies.
 P - a ring of resist corrosion (left hand)
 U - a ring of see invisible (right hand)
Wands
 g - a wand of paralysis (2)
 Q - a wand of polymorph (13)
Scrolls
 b - 3 scrolls of vulnerability {unknown}
 d - a scroll of blinking {unknown}
 f - 3 scrolls of teleportation {unknown}
 h - 2 scrolls of poison
 j - 2 scrolls of torment {unknown}
 m - 3 scrolls of noise {unknown}
 o - 2 scrolls of enchant weapon
 p - 3 scrolls of magic mapping {unknown}
 r - a scroll of enchant armour
 x - 3 scrolls of fog {unknown}
 G - 2 scrolls of immolation
 R - 2 scrolls of summoning {unknown}
 X - a scroll of fear {unknown}
Potions
 l - 5 potions of haste
 n - 4 potions of lignification
 s - 3 potions of heal wounds
 t - 2 potions of mutation {unknown}
 w - a potion of magic {unknown}
 D - a potion of brilliance {unknown}
 E - 2 potions of curing {unknown}
 I - 3 potions of cancellation {unknown}
 K - 2 potions of might {unknown}
 M - 2 potions of berserk rage {unknown}
 T - 2 potions of attraction {unknown}
Miscellaneous
 u - a piece from Xom's chessboard (15/15)


   Skills:
 + Level 8.3 Fighting
 * Level 10.3 Maces & Flails
 * Level 11.0 Armour
 + Level 5.9 Dodging


You had 10 spell levels left.
You didn't know any spells.
Your spell library was empty.

Dungeon Overview and Level Annotations

Branches:
Dungeon (10/15)            Temple (0/1) D:5            Lair (0/5) D:9
    Orc: D:9-12

Altars:
Elyvilon
Fedhas
Gozag
Makhleb
Qazlal
Sif Muna
Trog
Vehumet
Xom
Yredelemnul

Shops:
D:6 =

Annotations:
D:7 Joseph


Innate Abilities, Weirdness & Mutations

You are immune to sickness and miasma.
Your stone body is resilient. (AC +8)
You are immune to poison.
You resist negative energy. (rN+)
You are resistant to electric shocks. (rElec)
You are resistant to unholy torment.
You are immune to petrification.


Message History

You block the komodo dragon's attack.
You hit the komodo dragon but do no damage.
The komodo dragon is lightly wounded.
The komodo dragon bites you but does no damage.
You hit the komodo dragon.
The komodo dragon is lightly wounded.
You block the komodo dragon's attack.
You hit the komodo dragon but do no damage.
The komodo dragon is lightly wounded.
You closely miss the komodo dragon.
The komodo dragon is lightly wounded.
The komodo dragon completely misses you.
You sock the komodo dragon!
The komodo dragon is moderately wounded.
The komodo dragon misses you.
You completely miss the komodo dragon.
The komodo dragon is moderately wounded.
The komodo dragon barely misses you.
You barely miss the komodo dragon.
The komodo dragon is moderately wounded.
The komodo dragon bites you but does no damage.
You closely miss the komodo dragon.
The komodo dragon is moderately wounded.
An orc wizard comes into view. It is wielding a +0 dagger.
The komodo dragon bites you.
You completely miss the komodo dragon.
The komodo dragon is moderately wounded.
The komodo dragon bites you!!
You hit the komodo dragon but do no damage.
The komodo dragon is moderately wounded.
The komodo dragon bites you!
* * * LOW HITPOINT WARNING * * *
You hit the komodo dragon but do no damage.
The komodo dragon is moderately wounded.
The komodo dragon barely misses you.
A red film seems to cover your vision as you go berserk!
You feel yourself moving faster!
You feel mighty!
The orc wizard hits you but does no damage.
The komodo dragon bites you!!
You die...

#..#............
###.#..#........
#####.#...#......
#[#....#.........
##.###........###
###.....#....#
#.#.#.......
##.#..#.....
##@.#......
#(l.o.......
###.#...#...
####...... .####
.#


You could see a komodo dragon and an orc wizard.

Vanquished Creatures
  2 two-headed ogres (D:9)
  A cyclops (D:10)
  Prince Ribbit (D:6)
  Grinder (D:5)
  Sigmund (D:3)
  3 wyverns
  6 yaks (D:8)
  A steam dragon (D:10)
  An acid dragon (D:8)
  3 water moccasins (D:8)
  3 sky beasts
  4 orc warriors
  2 black bears
  6 centaurs
  A kobold brigand (D:8)
  2 bullfrogs (D:8)
  A gnoll sergeant (D:8)
  5 scorpions
  7 wights
  5 howler monkeys (D:8)
  2 hounds
  4 jellies
  A gnoll bouda (D:3)
  4 orc priests
  3 sleepcaps
  Jessica (D:3)
  2 iguanas
  15 orc wizards
  Robin (D:3)
  18 gnolls
  8 adders
  2 shadow imps (D:7)
  An ufetubus (D:5)
  2 worms
  A dart slug (D:1)
  35 orcs
  10 ball pythons
  11 bats
  7 endoplasms
  3 giant cockroaches
  19 goblins
  9 hobgoblins
  3 jackals
  A kobold (D:1)
  2 quokkas
  3 frilled lizards
  6 rats
  A butterfly (D:8)
231 creatures vanquished.

Notes
Turn   | Place    | Note
-------+----------+-------------------------------------------
     0 | D:1      | KittyFluff the Gargoyle Berserker began the quest for the
                  | Orb.
     0 | D:1      | Reached XP level 1. HP: 14/14 MP: 1/1
    58 | D:1      | Reached XP level 2. HP: 17/19 MP: 2/2
   402 | D:1      | Reached XP level 3. HP: 23/23 MP: 3/3
   419 | D:1      | Reached ** piety under Trog
   786 | D:2      | Reached skill level 3 in Armour
   828 | D:2      | Reached XP level 4. HP: 27/29 MP: 4/4
  1714 | D:3      | Noticed Sigmund
  1740 | D:3      | Killed Sigmund
  1741 | D:3      | Reached skill level 4 in Armour
  1741 | D:3      | Reached XP level 5. HP: 18/33 MP: 3/5
  1741 | D:3      | Reached XP level 6. HP: 21/38 MP: 3/6
  1863 | D:3      | Noticed Jessica
  1870 | D:3      | Killed Jessica
  1895 | D:3      | Reached *** piety under Trog
  1906 | D:3      | Identified the +1 leather armour of Vanity {rN+}
  2148 | D:3      | Noticed Robin
  2200 | D:3      | Killed Robin
  2229 | D:3      | Identified the amulet "Asuraa" {Faith Rampage rC++ Str+2
                  | Int+2}
  2481 | D:3      | Reached skill level 5 in Maces & Flails
  2529 | D:4      | Reached XP level 7. HP: 40/44 MP: 7/7
  2731 | D:4      | Reached skill level 5 in Armour
  3018 | D:4      | Found a stormy altar of Qazlal.
  3235 | D:5      | Entered Level 5 of the Dungeon
  3418 | D:5      | Identified the +3 ring mail of Starshine {rN++}
  3463 | D:5      | Reached skill level 5 in Fighting
  3526 | D:5      | Reached XP level 8. HP: 49/49 MP: 8/8
  3558 | D:5      | Reached skill level 6 in Armour
  3591 | D:5      | Found a staircase to the Ecumenical Temple.
  3683 | D:5      | Found a radiant altar of Vehumet.
  3697 | D:5      | Noticed Grinder
  3745 | D:5      | Killed Grinder
  3963 | D:6      | Noticed Prince Ribbit
  3986 | D:6      | Reached **** piety under Trog
  3997 | D:6      | Found Huathrev's Jewellery Emporium.
  4027 | D:6      | Killed Prince Ribbit
  4028 | D:6      | Reached skill level 7 in Armour
  4379 | D:6      | Found an opulent altar of Gozag.
  4405 | D:6      | Reached XP level 9. HP: 55/55 MP: 9/9
  4407 | D:6      | Found a blossoming altar of Fedhas.
  4681 | D:6      | Found a white marble altar of Elyvilon.
  4802 | D:6      | Found a basalt altar of Yredelemnul.
  4802 | D:6      | Found a shimmering blue altar of Sif Muna.
  5145 | D:7      | Noticed Joseph
  5203 | D:7      | Reached skill level 8 in Armour
  5233 | D:7      | Paralysed by Joseph for 2 turns
  5318 | D:8      | Found a shimmering altar of Xom.
  5709 | D:8      | Found a bloodstained altar of Trog.
  5846 | D:8      | Reached ***** piety under Trog
  5907 | D:8      | Found a burning altar of Makhleb.
  6214 | D:8      | Reached skill level 9 in Armour
  6230 | D:8      | Reached XP level 10. HP: 63/63 MP: 10/10
  6485 | D:9      | Noticed a two-headed ogre
  6593 | D:8      | Reached skill level 5 in Dodging
  6762 | D:9      | Reached skill level 10 in Armour
  6784 | D:9      | Found a staircase to the Lair.
  6882 | D:9      | Noticed a two-headed ogre
  6911 | D:9      | Killed a two-headed ogre
  7103 | D:9      | Killed a two-headed ogre
  7104 | D:9      | Reached skill level 10 in Maces & Flails
  7210 | D:9      | Reached XP level 11. HP: 68/68 MP: 11/11
  7492 | D:9      | Identified the staff of cold "Ohynt" {rC+ Will+}
  7533 | D:10     | Entered Level 10 of the Dungeon
  7818 | D:10     | Noticed a cyclops
  7829 | D:10     | Killed a cyclops
  7830 | D:10     | Reached skill level 11 in Armour
  7843 | D:10     | Slain by a komodo dragon

Illustrated notes

Levels and vault maps discovered:
D:1:      roderic_crossed_star, layout_loops_ring,
          chequers_serial_rivers_large_b, grunt_decor_cap
D:2:      layout_basic, interstate_on_off, chequers_serial_rivers_large_a,
          minmay_octomino_e4
D:3:      layout_basic, chequers_mini_garden, uniq_jessica, uniq_robin,
          uniq_sigmund
D:4:      layout_loops_ring, mainiacjoe_overflow_concentric_impassable,
          nicolae_zen_rock_garden, minmay_box_of_dots
D:5:      layout_cave_pools, mainiacjoe_overflow_surrounded_room,
          minmay_temple_entry_enclosed_plants, minmay_crossroads, uniq_grinder
D:6:      layout_basic, lemuel_crystal_altar, jmf_multi_god_temple,
          gammafunk_temple_overflow_wave, kennysheep_diamond,
          uniq_prince_ribbit1
D:7:      layout_basic, zin_scriptorium, uniq_joseph
D:8:      minmay_general_purpose_star, layout_loops_ring, lemuel_doored_altar,
          xom_butterflies, mainiacjoe_overflow_alcove_4,
          nicolae_underground_beach
D:9:      layout_basic, minmay_lair_entry_grove
D:10:     layout_gridville, nicolae_ru_awakened_eye, erik_orc_2, minivault_14,
          minmay_increasing_density

Skill      XL: |  1  2  3  4  5  6  7  8  9 10 11 |
---------------+----------------------------------+-----
Armour         | 3 4 5 7 9 10 11 | 11.0
Dodging        | 2 3 4 5 |  5.9
Fighting       | 4 5 7 8 |  8.3
Maces & Flails | 4 5 7 8 10 | 10.3

Action                     |  1- 3 |  4- 6 |  7- 9 | 10-12 || total
---------------------------+-------+-------+-------+-------++-------
  Melee: Mace              |   102 |   236 |   719 |   395 ||  1452
         Punch             |     1 |     1 |     7 |       ||     9
  Throw: Dart              |       |       |     3 |     5 ||     8
 Invoke: Berserk           |       |     1 |       |     1 ||     2
    Use: Scroll            |       |       |     8 |       ||     8
 Armour: Animal skin       |     6 |       |       |       ||     6
         Leather armour    |    50 |    46 |       |       ||    96
         Robe              |       |    93 |   206 |       ||   299
         Ring mail         |       |       |   216 |   278 ||   494
  Dodge: Dodged            |    78 |   159 |   419 |   243 ||   899
  Block: Buckler           |       |       |    17 |    46 ||    63
